 Dungeon Crawl Stone Soup version 0.25-b1-37-g2669288c55 (webtiles) character file.

Game seed: 939503799320650326

7 Descartes the Grasshopper (level 1, -5/9 HPs)
             Began as a Felid Warper on June 5, 2020.
             Slain by a kobold
             ... wielding a +0 short sword
              (8 damage)
             ... on level 1 of the Dungeon.
             The game lasted 00:00:50 (462 turns).

Descartes the Grasshopper (Felid Warper)             Turns: 462, Time: 00:00:51

Health: -5/9       AC:  1    Str:  7    XL:     1   Next: 91%
Magic:  4/4        EV: 18    Int: 14    God:
Gold:   23         SH:  0    Dex: 15    Spells: 4/4 levels left
                                        Lives:  0   Deaths: 0

rFire    . . .     SeeInvis +     - Unarmed
rCold    . . .     Gourm    .   (shield unavailable)
rNeg     . . .     Faith    .   (armour unavailable)
rPois    .         Spirit   .   (helmet unavailable)
rElec    .         Reflect  .   (cloak unavailable)
rCorr    .         Harm     .   (gloves unavailable)
MR       .....                  (boots unavailable)
Stlth    ++........             (no amulet)
HPRegen  0.03/turn              (no ring)
MPRegen  0.09/turn              (no ring)

@: quick
A: very small, no armour, no weapons or thrown items, stealth, claws 1, fangs 3,
see invisible, carnivore, speed 1, shaggy fur 1, slow metabolism 1, sharp paws
a: no special abilities


You were on level 1 of the Dungeon.
You were not hungry.

You visited 1 branch of the dungeon, and saw 1 of its levels.

You collected 23 gold pieces.

Inventory:

Scrolls
 a - a scroll of identify {unknown}
 b - a scroll of blinking
Comestibles
 c - a ration


   Skills:
 + Level 2.1 Fighting
 + Level 3.3 Dodging
 * Level 1.3 Stealth
 * Level 2.2 Unarmed Combat
 - Level 2.0 Spellcasting
   Level 4.4 Translocations


You had 4 spell levels left.
You didn't know any spells.
Your spell library contained the following spells:

 Spells                   Type           Power        Failure   Level  Hunger
 Blink                    Tloc           N/A          6%          2    ###....
 Gell's Gravitas          Tloc           ##........   12%         3    ####...
 Lesser Beckoning         Tloc           ##........   12%         3    ####...
 Teleport Other           Tloc           ##......     12%         3    ####...
 Shroud of Golubria       Chrm/Tloc      #.....       14%         2    ###....
 Passage of Golubria      Tloc           N/A          36%         4    #####..


Dungeon Overview and Level Annotations

Branches:
Dungeon (1/15)

Altars:


Innate Abilities, Weirdness & Mutations

You cannot wear armour.
You are incapable of wielding weapons or throwing items.
Your paws allow you to move quietly. (Stealth)
You have sharp claws.
You have razor-sharp teeth.
You have supernaturally acute eyesight. (SInv)
You are carnivorous and can eat meat at any time.
You cover ground quickly.
You are covered in fur. (AC +1)
You have a slow metabolism.
Your sharp claws are effective at attacking unaware monsters.


Message History

You miss the bat. Your bite misses the bat. The bat hits you.
You scratch the bat.
The bat is severely wounded.
The bat barely misses you. The bat completely misses you.
You scratch the bat.
You kill the bat!
No target in view!
No target in view!
A kobold comes into view. It is wielding a +0 short sword.
You closely miss the kobold. Your claw misses the kobold.
The kobold hits you with a +0 short sword.
Ouch! That really hurt!
You are too injured to fight recklessly!
You are too injured to fight recklessly!
You barely miss the kobold. The kobold closely misses you.
You closely miss the kobold. The kobold closely misses you.
You scratch the kobold but do no damage.
The kobold hits you with a +0 short sword!
Ouch! That really hurt!
You die...

#.8..)8...8..#.#..#..
#...#...#....#.#..#.
##.###.###...#..
#...#...#....####
#.8...8...8......
#.......#...##..
####...###...+ .
#.#####..##....
#......@.......
#......K..#.###
#.........+ ..
#.........# ##
#.#####+#.. # .#.
.... .###.


You could see a kobold.

Vanquished Creatures
  2 bats (D:1)
  4 kobolds (D:1)
6 creatures vanquished.

Notes
Turn   | Place    | Note
-------+----------+-------------------------------------------
     0 | D:1      | Descartes the Felid Warper began the quest for the Orb.
     0 | D:1      | Reached XP level 1. HP: 9/9 MP: 4/4
   242 | D:1      | Reached skill level 1 in Stealth
   462 | D:1      | Slain by a kobold

Illustrated notes

Levels and vault maps discovered:
D:1:      dpeg_arrival_short_road, layout_basic, minmay_misc_feat_four_crosses

Skill      XL: |  1 |
---------------+----+-----
Stealth        | 1 |  1.3
Fighting       | |  2.1
Dodging        | |  3.3
Unarmed Combat | |  2.2
Spellcasting   | |  2.0
Translocations | |  4.4

Action                   || total
-------------------------++-------
Melee: Unarmed           ||    22
       Bite              ||     2
       Punch             ||     1
 Stab: Sleeping          ||     1
Dodge: Dodged            ||    16
